 Dungeon Crawl Stone Soup version 0.28-a0-1080-g05a166d0ed (webtiles) character file.

Game seed: 5961321517364729994

46 spaghetti the Grave Robber (level 3, -6/26 HPs)
             Began as a Demigod Necromancer on Dec 9, 2021.
             Killed from afar by a white imp (11 damage)
             ... with a puff of frost
             ... on level 3 of the Dungeon.
             The game lasted 00:03:54 (2693 turns).

spaghetti the Grave Robber (Demigod Necromancer)    Turns: 2693, Time: 00:03:55

Health: -6/26      AC:  2    Str:  9    XL:     3   Next: 27%
Magic:  8/8        EV: 12    Int: 21    God:
Gold:   87         SH:  0    Dex: 14    Spells: 0/5 levels left

rFire   . . .      SeeInvis .   h - +2 dagger (vamp)
rCold   . . .      Faith    .   (no shield)
rNeg    . . .      Spirit   .   a - +0 robe
rPois   .          Reflect  .   (no helmet)
rElec   .          Harm     .   (no cloak)
rCorr   .          Rampage  .   (no gloves)
Will    .....                   (no boots)
Stlth   ++........              (no amulet)
HPRegen 0.08/turn               (no ring)
MPRegen 0.11/turn               (no ring)

@: no status effects
A: high mp 1, forlorn, divine attributes
a: no special abilities


You were on level 3 of the Dungeon.
You visited 1 branch of the dungeon, and saw 3 of its levels.

You collected 87 gold pieces.

Inventory:

Hand Weapons
 h - a +2 vampiric dagger (weapon)
Missiles
 j - 2 throwing nets
Armour
 a - a +0 robe (worn)
Scrolls
 b - a scroll of summoning
 d - a scroll of teleportation {unknown}
 f - a scroll of silence {unknown}
 i - a scroll of identify
 k - a scroll of enchant weapon {unknown}
 l - a scroll of acquirement {unknown}
Potions
 c - a potion of attraction {unknown}
 e - a potion of flight {unknown}


   Skills:
 - Level 1.7 Dodging
 - Level 1.7 Stealth
 - Level 1.7 Spellcasting
 + Level 4.8 Necromancy


You couldn't memorise any spells.
You knew the following spells:

 Your Spells              Type           Power      Damage    Failure   Level
a - Pain                  Necr           88%        1d8       1%          1
b - Animate Skeleton      Necr           44%        N/A       1%          1
c - Vampiric Draining     Necr           22%        2d7       6%          3

Your spell library contained the following spells:

 Spells                   Type           Power      Damage    Failure   Level
 Animate Dead             Necr           11%        N/A       21%         4
 Agony                    Necr           22%        N/A       50%         5


Dungeon Overview and Level Annotations

Branches:
Dungeon (3/15)


Innate Abilities, Weirdness & Mutations

You have an increased reservoir of magic. (+10% MP)
You shall have no god before yourself.
Your divine heritage dramatically boosts your attributes as you level up.


Message History

The goblin writhes in agony.
The goblin writhes in agony.
You kill the goblin!
You can't see any susceptible monsters within range! (Use Z to cast anyway.)
l - a scroll labelled RONENE DINIYRU A white imp comes into view.
A white imp is nearby!
You can't see any susceptible monsters within range! (Use Z to cast anyway.)
You can't see any susceptible monsters within range! (Use Z to cast anyway.)
The white imp closely misses you.
You hit the white imp but do no damage. The white imp closely misses you.
You completely miss the white imp. The white imp hits you.
The white imp freezes you.
You barely miss the white imp. The white imp closely misses you.
You hit the white imp but do no damage. The white imp closely misses you.
You hit the white imp but do no damage. The white imp gestures at you.
The puff of frost hits you.
You hit the white imp.
The white imp is lightly wounded.
The white imp gestures at you. The puff of frost hits you!
* * * LOW HITPOINT WARNING * * *
You hit the white imp but do no damage.
The white imp is lightly wounded.
The white imp gestures at you. The puff of frost hits you.
* * * LOW HITPOINT WARNING * * *
It was a potion of heal wounds.
You feel much better. The white imp closely misses you.
The white imp puffs mist at you. The white imp hits you.
The white imp freezes you. The white imp gestures at you.
The puff of frost hits you!
* * * LOW HITPOINT WARNING * * *
The white imp grinds its teeth.
There is a stone staircase leading up here.
The white imp gestures at you. The puff of frost hits you!
You die...

#.# #.......# #.#
#.......# #.#
#.####### #.# ###
#.# #.###5###.#
#....#.##.#
###.###...# .
###..#[#####....
#.....5.@.......
#.#..#.#####.###
#....#...###
#..#####...#.##
#....#...#....#
#.##.#......#...
####.##...###....##
#....###### .#.##
#.#### . ..


You could see a white imp.

Vanquished Creatures
  An adder (D:2)
  A worm (D:2)
  3 dart slugs (D:2)
  2 bats
  2 endoplasms (D:2)
  A giant cockroach (D:2)
  6 goblins
  3 hobgoblins
  A quokka (D:1)
  2 frilled lizards
  4 kobolds
  A rat (D:1)
27 creatures vanquished.

Notes
Turn   | Place    | Note
-------+----------+-------------------------------------------
     0 | D:1      | spaghetti the Demigod Necromancer began the quest for the
                  | Orb.
     0 | D:1      | Reached XP level 1. HP: 14/14 MP: 5/5
   827 | D:1      | Reached skill level 4 in Necromancy
   829 | D:1      | Learned a level 1 spell: Animate Skeleton
  1132 | D:2      | Reached XP level 2. HP: 18/20 MP: 5/7
  2262 | D:2      | Reached XP level 3. HP: 21/26 MP: 3/8
  2370 | D:2      | Learned a level 3 spell: Vampiric Draining
  2693 | D:3      | Killed from afar by a white imp

Illustrated notes

Levels and vault maps discovered:
D:1:      wander_arrival_lonely_grave, layout_basic,
          shapermc_ecumenical_altar_starsandcircs
D:2:      layout_rooms, minmay_misc_feat_chi
D:3:      layout_loops_ring, uniq_sigmund

Skill      XL: |  1 |
---------------+----+-----
Necromancy     | 4 |  4.8
Dodging        | |  1.7
Stealth        | |  1.7
Spellcasting   | |  1.7

Action                   || total
-------------------------++-------
Melee: Dagger            ||    15
       Unarmed           ||     3
 Cast: Pain              ||    64
  Use: Scroll            ||     1
       Potion            ||     1
 Stab: Sleeping          ||     1
Armor: Robe              ||     2
Dodge: Dodged            ||    13

Table legend: (Time is in decaauts)
 A = Elapsed time spent in this place.
 B = Non-inter-level travel time spent in this place.
 C = Inter-level travel time spent in this place.
 D = Time resting spent in this place.
 E = Time spent auto-exploring this place.
 F = Levels seen in this place.
 G = Mean time per level.
                   A        B        C        D        E       F      G
               +--------+--------+--------+--------+--------+-----+--------+
         Total |   2692 |   2644 |     48 |    935 |   1446 |   3 |  897.3 |
       Dungeon |   2692 |   2644 |     48 |    935 |   1446 |   3 |  897.3 |
               +--------+--------+--------+--------+--------+-----+--------+

Top non-repeatable levels by time:
     D:1: 1397 daAuts
     D:2: 1172 daAuts
     D:3: 122 daAuts
